General information
- name: BNet
- type: Ladder team game (AT/RT)
- host: Battle.net
- saver: BROWNNOSEDKID
map: MarketSquare
- players: 8
- length: 35:40
- speed: Fast
- version: 1.27 W3XP
- replay type: Public
» download(214 KB)
Players
team 1 (winner)

»
TheKraken (
blue | 56 APM | 1996 actions | 35:40)
7 Blademaster
3 Wind Walk
3 Critical Strike
1 Bladestorm
» actions
| Assign group hotkey | 31 | |
| Basic commands | 352 | |
| Build / train | 60 | |
| ESC pressed | 8 | |
| Enter build submenu | 14 | |
| Enter hero's abilities submenu | 7 | |
| Give item / drop item | 1 | |
| Right click | 679 | |
| Select / deselect | 306 | |
| Select group hotkey | 426 | |
| Use ability | 109 | |
1996 total
» units
| Peon | 7 | |
| Wind Rider | 13 | |
| Troll Batrider | 10 | |
30 total
» upgrades
» buildings
| Altar of Storms | 1 | |
| War Mill | 1 | |
| Orc Burrow | 7 | |
| Voodoo Lounge | 1 | |
| Stronghold | 1 | |
| Watch Tower | 1 | |
| Beastiary | 2 | |
| Fortress | 3 | |
17 total
» build order
00:20 Altar of Storms
00:26 War Mill
00:35 Orc Burrow
01:06 Voodoo Lounge
02:15 Stronghold
03:06 Watch Tower
03:10 Orc Burrow
03:13 Orc Burrow
04:38 Beastiary
04:40 Beastiary
04:53 Orc Burrow
08:48 Orc Burrow
08:48 Orc Burrow
08:49 Orc Burrow
13:03 Fortress
13:04 Fortress
» items
| Healing Salve | 1 | |
| Lesser Clarity Potion | 2 | |
| Circlet of Nobility | 1 | |
| Boots of Speed | 3 | |
| Dust of Appearance | 1 | |
| Potion of Lesser Invulnerability | 1 | |
9 total
thekukIuxkIan (
pink | 44 APM | 1576 actions | 35:40)
8 Blood Mage
3 Flame Strike
2 Siphon Mana
1 Summon Phoenix
2 Banish
» actions
| Assign group hotkey | 36 | |
| Basic commands | 57 | |
| Build / train | 82 | |
| Enter build submenu | 39 | |
| Enter hero's abilities submenu | 8 | |
| Remove unit from queue | 1 | |
| Right click | 718 | |
| Select / deselect | 297 | |
| Select group hotkey | 220 | |
| Use ability | 118 | |
1576 total
» units
| Peasant | 21 | |
| Footman | 4 | |
| Sorceress | 4 | |
29 total
» upgrades
| Lumber Harvesting | 2 | |
| Masonry | 3 | |
| Sorceress Training | 2 | |
| Magic Sentry | 1 | |
| Priest Training | 2 | |
| Gunpowder | 2 | |
| Plating | 2 | |
| Animal War Training | 1 | |
15 total
» buildings
| Altar of Kings | 1 | |
| Barracks | 1 | |
| Farm | 5 | |
| Scout Tower | 25 | |
| Arcane Vault | 2 | |
| Keep | 1 | |
| Arcane Tower | 1 | |
| Lumber Mill | 2 | |
| Town Hall | 5 | |
| Arcane Sanctum | 1 | |
| Guard Tower | 15 | |
| Castle | 1 | |
| Blacksmith | 2 | |
62 total
» build order
00:50 Altar of Kings
00:53 Barracks
00:54 Farm
00:56 Farm
01:07 Farm
01:15 Farm
01:45 Farm
02:27 Scout Tower
03:14 Arcane Vault
03:16 Arcane Vault
03:33 Keep
03:55 Arcane Tower
03:57 Lumber Mill
05:53 Town Hall
05:56 Scout Tower
05:56 Scout Tower
05:57 Scout Tower
05:57 Scout Tower
06:14 Arcane Sanctum
06:23 Lumber Mill
06:30 Guard Tower
06:39 Guard Tower
07:47 Castle
08:00 Scout Tower
08:00 Scout Tower
08:01 Scout Tower
08:01 Scout Tower
08:03 Scout Tower
08:04 Scout Tower
08:37 Guard Tower
08:38 Guard Tower
08:38 Guard Tower
08:38 Guard Tower
08:39 Guard Tower
08:39 Guard Tower
08:40 Guard Tower
09:29 Scout Tower
09:29 Scout Tower
09:29 Scout Tower
09:30 Scout Tower
09:30 Scout Tower
09:31 Scout Tower
09:31 Scout Tower
09:31 Scout Tower
09:53 Guard Tower
10:24 Guard Tower
10:50 Guard Tower
12:07 Scout Tower
12:07 Scout Tower
12:08 Scout Tower
12:08 Scout Tower
16:20 Guard Tower
16:21 Scout Tower
16:21 Scout Tower
16:49 Blacksmith
16:51 Blacksmith
22:58 Town Hall
23:12 Town Hall
24:12 Guard Tower
34:53 Town Hall
34:55 Town Hall
» items
| Scroll of Regeneration | 2 | |
| Staff of Teleportation | 1 | |
| Boots of Speed | 2 | |
| Potion of Invisibility | 2 | |
| Periapt of Vitality | 2 | |
| Scroll of Town Portal | 1 | |
10 total
alttabnchiIl (
green | 104 APM | 3714 actions | 35:40)
6 Blademaster
3 Wind Walk
3 Critical Strike
1 Dark Ranger
1 Black Arrow
1 Pandaren Brewmaster
1 Breath of Fire
» actions
| Assign group hotkey | 129 | |
| Basic commands | 101 | |
| Build / train | 86 | |
| ESC pressed | 1 | |
| Enter build submenu | 30 | |
| Enter hero's abilities submenu | 8 | |
| Give item / drop item | 2 | |
| Remove unit from queue | 1 | |
| Right click | 1780 | |
| Select / deselect | 228 | |
| Select group hotkey | 1020 | |
| Use ability | 328 | |
3714 total
» units
| Peon | 13 | |
| Grunt | 6 | |
| Wind Rider | 6 | |
| Troll Batrider | 2 | |
27 total
» upgrades
| Berserker Strength | 1 | |
| Pillage | 1 | |
| Armor | 3 | |
| Ranged Weapons | 3 | |
| Reinforced Defenses | 1 | |
| Liquid Fire | 1 | |
| War Drums Damage Increase | 1 | |
| Troll Regeneration | 1 | |
| Envenomed Spears | 1 | |
| Ensnare | 1 | |
| Spiked Barricades | 2 | |
| Melee Weapons | 1 | |
17 total
» buildings
| Orc Burrow | 6 | |
| Barracks | 1 | |
| Altar of Storms | 1 | |
| Voodoo Lounge | 1 | |
| Stronghold | 2 | |
| Great Hall | 1 | |
| War Mill | 1 | |
| Watch Tower | 10 | |
| Fortress | 2 | |
| Beastiary | 5 | |
30 total
» build order
00:06 Orc Burrow
00:21 Orc Burrow
01:11 Barracks
01:13 Altar of Storms
01:41 Voodoo Lounge
03:04 Orc Burrow
04:07 Stronghold
04:35 Great Hall
05:05 War Mill
05:47 Orc Burrow
05:55 Orc Burrow
07:18 Watch Tower
07:25 Watch Tower
07:28 Watch Tower
07:33 Fortress
08:42 Beastiary
08:43 Beastiary
11:24 Beastiary
11:29 Watch Tower
13:28 Watch Tower
13:33 Watch Tower
16:23 Watch Tower
16:31 Watch Tower
19:29 Orc Burrow
23:16 Beastiary
23:19 Beastiary
23:24 Watch Tower
23:29 Watch Tower
» items
| Healing Salve | 2 | |
| Lesser Clarity Potion | 1 | |
| Staff of Teleportation | 3 | |
| Periapt of Vitality | 1 | |
| Circlet of Nobility | 1 | |
| Boots of Speed | 1 | |
| Dust of Appearance | 2 | |
11 total

»
jefftheobscure (
teal | 26 APM | 806 actions | 30:26)
4 Warden
2 Fan of Knives
2 Shadow Strike
4 Priestess of the Moon
3 Searing Arrows
1 Trueshot Aura
» actions
| Assign group hotkey | 25 | |
| Basic commands | 35 | |
| Build / train | 63 | |
| ESC pressed | 2 | |
| Enter build submenu | 14 | |
| Enter hero's abilities submenu | 8 | |
| Remove unit from queue | 11 | |
| Right click | 355 | |
| Select / deselect | 207 | |
| Select group hotkey | 31 | |
| Use ability | 55 | |
806 total
» units
| Wisp | 20 | |
| Archer | 7 | |
| Glaive Thrower | 2 | |
| Druid of the Claw | 5 | |
34 total
» upgrades
| Druid of the Claw Training | 1 | |
| Strength of the Wild | 2 | |
| Reinforced Hides | 1 | |
4 total
» buildings
| Moon Well | 5 | |
| Ancient of War | 1 | |
| Altar of Elders | 1 | |
| Tree of Ages | 2 | |
| Hunter's Hall | 1 | |
| Tree of Life | 2 | |
| Ancient of Lore | 3 | |
| Tree of Eternity | 2 | |
17 total
» build order
00:13 Moon Well
00:18 Ancient of War
00:23 Altar of Elders
01:53 Moon Well
02:11 Moon Well
02:26 Moon Well
03:42 Tree of Ages
04:36 Hunter's Hall
05:43 Tree of Life
05:57 Moon Well
07:23 Ancient of Lore
07:27 Ancient of Lore
07:31 Ancient of Lore
10:54 Tree of Eternity
10:54 Tree of Eternity
13:50 Tree of Life
16:28 Tree of Ages
team 2 (loser)

»
Guana (
red | 145 APM | 3015 actions | 20:45)
4 Priestess of the Moon
1 Searing Arrows
2 Trueshot Aura
1 Scout
3 Keeper of the Grove
2 Entangling Roots
1 Thorns Aura
» actions
| Assign group hotkey | 16 | |
| Build / train | 49 | |
| Enter build submenu | 20 | |
| Enter hero's abilities submenu | 7 | |
| Right click | 1305 | |
| Select / deselect | 258 | |
| Select group hotkey | 1289 | |
| Use ability | 71 | |
3015 total
» units
| Wisp | 20 | |
| Huntress | 8 | |
| Druid of the Talon | 2 | |
| Hippogryph | 4 | |
34 total
» upgrades
| Strength of the Moon | 2 | |
| Moon Armor | 1 | |
| Sentinel | 1 | |
4 total
» buildings
| Moon Well | 5 | |
| Altar of Elders | 1 | |
| Hunter's Hall | 1 | |
| Ancient of War | 1 | |
| Ancient of Wonders | 1 | |
| Tree of Ages | 1 | |
| Tree of Life | 1 | |
| Ancient of Lore | 2 | |
| Ancient of Wind | 2 | |
| Ancient Protector | 1 | |
16 total
» build order
00:36 Moon Well
01:07 Altar of Elders
01:49 Hunter's Hall
02:18 Ancient of War
02:23 Moon Well
02:37 Moon Well
02:53 Moon Well
03:15 Ancient of Wonders
03:57 Moon Well
06:05 Tree of Ages
07:24 Tree of Life
09:27 Ancient of Lore
09:28 Ancient of Wind
10:48 Ancient of Lore
11:28 Ancient Protector
12:09 Ancient of Wind
» items
HappyTaliban (
purple | 45 APM | 999 actions | 22:15)
4 Archmage
2 Blizzard
2 Brilliance Aura
» actions
| Basic commands | 386 | |
| Build / train | 102 | |
| ESC pressed | 4 | |
| Enter build submenu | 34 | |
| Enter hero's abilities submenu | 4 | |
| Remove unit from queue | 3 | |
| Right click | 3 | |
| Select / deselect | 379 | |
| Use ability | 84 | |
999 total
» units
| Peasant | 25 | |
| Footman | 11 | |
| Sorceress | 8 | |
| Rifleman | 5 | |
| Flying Machine | 15 | |
| Siege Engine | 2 | |
66 total
» upgrades
| Masonry | 3 | |
| Sorceress Training | 2 | |
| Gunpowder | 1 | |
| Flak Cannons | 1 | |
| Plating | 1 | |
| Lumber Harvesting | 2 | |
| Magic Sentry | 1 | |
| Flying Machine Bombs | 1 | |
| Barrage | 1 | |
13 total
» buildings
| Altar of Kings | 1 | |
| Farm | 11 | |
| Barracks | 1 | |
| Town Hall | 1 | |
| Scout Tower | 10 | |
| Keep | 1 | |
| Arcane Tower | 3 | |
| Lumber Mill | 2 | |
| Castle | 1 | |
| Blacksmith | 2 | |
| Arcane Sanctum | 1 | |
| Guard Tower | 5 | |
| Workshop | 2 | |
| Arcane Vault | 1 | |
42 total
» build order
00:40 Altar of Kings
00:52 Farm
01:06 Barracks
01:15 Farm
01:18 Farm
01:41 Farm
01:50 Farm
05:04 Town Hall
05:10 Scout Tower
05:28 Keep
05:42 Arcane Tower
05:46 Scout Tower
06:29 Farm
06:34 Lumber Mill
07:37 Arcane Tower
08:26 Scout Tower
08:30 Castle
08:33 Blacksmith
08:37 Arcane Sanctum
08:54 Lumber Mill
09:13 Guard Tower
09:45 Blacksmith
11:17 Farm
11:35 Scout Tower
11:42 Workshop
11:45 Workshop
12:10 Guard Tower
12:13 Scout Tower
12:16 Scout Tower
12:46 Guard Tower
12:47 Guard Tower
13:04 Scout Tower
13:45 Arcane Vault
13:47 Arcane Tower
14:27 Scout Tower
14:54 Farm
14:56 Farm
15:06 Guard Tower
15:09 Farm
15:50 Scout Tower
15:52 Farm
16:37 Scout Tower
» items
| Healing Salve | 2 | |
| Potion of Healing | 1 | |
| Scroll of Town Portal | 2 | |
5 total
BROWNNOSEDKID (
orange | 54 APM | 1920 actions | 35:40)
7 Goblin Tinker
3 Pocket Factory
3 Engineering Upgrade
1 Robo-Goblin
» actions
| Assign group hotkey | 38 | |
| Basic commands | 22 | |
| Build / train | 61 | |
| Enter build submenu | 29 | |
| Enter hero's abilities submenu | 7 | |
| Give item / drop item | 6 | |
| Remove unit from queue | 1 | |
| Right click | 858 | |
| Select / deselect | 267 | |
| Select group hotkey | 533 | |
| Use ability | 98 | |
1920 total
» units
| Peon | 15 | |
| Grunt | 4 | |
| Rogue | 1 | |
| Wind Rider | 6 | |
26 total
» upgrades
| Ranged Weapons | 2 | |
| Armor | 2 | |
| Reinforced Defenses | 1 | |
| Envenomed Spears | 1 | |
| Melee Weapons | 1 | |
7 total
» buildings
| Altar of Storms | 1 | |
| Orc Burrow | 6 | |
| Barracks | 1 | |
| Voodoo Lounge | 1 | |
| Stronghold | 5 | |
| War Mill | 1 | |
| Great Hall | 2 | |
| Watch Tower | 32 | |
| Beastiary | 3 | |
| Fortress | 1 | |
53 total
» build order
00:09 Altar of Storms
00:22 Orc Burrow
00:37 Barracks
01:26 Orc Burrow
01:56 Voodoo Lounge
02:57 Stronghold
02:58 Stronghold
03:21 Stronghold
03:21 Stronghold
03:53 War Mill
04:59 Great Hall
05:13 Watch Tower
05:15 Watch Tower
05:33 Orc Burrow
06:24 Orc Burrow
07:05 Beastiary
07:44 Watch Tower
08:06 Watch Tower
08:06 Watch Tower
08:28 Fortress
08:50 Beastiary
09:02 Watch Tower
09:02 Watch Tower
09:02 Watch Tower
09:06 Watch Tower
09:38 Watch Tower
09:38 Watch Tower
09:45 Watch Tower
09:46 Watch Tower
10:47 Beastiary
13:27 Watch Tower
13:28 Watch Tower
13:34 Watch Tower
13:34 Watch Tower
14:06 Orc Burrow
14:07 Orc Burrow
14:44 Watch Tower
14:45 Watch Tower
15:59 Watch Tower
15:59 Watch Tower
18:43 Watch Tower
18:43 Watch Tower
20:07 Great Hall
20:14 Watch Tower
20:15 Watch Tower
20:15 Watch Tower
20:16 Watch Tower
20:16 Watch Tower
20:16 Watch Tower
22:38 Watch Tower
22:39 Watch Tower
» items
| Healing Salve | 2 | |
| Staff of Teleportation | 1 | |
| Potion of Lesser Invulnerability | 2 | |
| Orb of Lightning | 1 | |
| Scroll of Town Portal | 1 | |
| Potion of Mana | 2 | |
| Potion of Invisibility | 1 | |
| Boots of Speed | 1 | |
| Periapt of Vitality | 1 | |
12 total
MajorNewbs (
yellow | 27 APM | 497 actions | 18:12)
4 Archmage
2 Summon Water Elemental
2 Brilliance Aura
» actions
| Basic commands | 3 | |
| Build / train | 39 | |
| Enter build submenu | 17 | |
| Enter hero's abilities submenu | 4 | |
| Give item / drop item | 1 | |
| Right click | 221 | |
| Select / deselect | 166 | |
| Use ability | 46 | |
497 total
» units
» upgrades
| Gunpowder | 3 | |
| Armor | 2 | |
| Flare | 1 | |
| Fragmentation Shards | 1 | |
7 total
» buildings
| Lumber Mill | 1 | |
| Farm | 7 | |
| Scout Tower | 1 | |
| Altar of Kings | 1 | |
| Arcane Tower | 1 | |
| Blacksmith | 1 | |
| Keep | 1 | |
| Castle | 1 | |
| Workshop | 3 | |
17 total
» build order
00:28 Lumber Mill
01:11 Farm
01:28 Scout Tower
01:50 Altar of Kings
01:55 Farm
01:57 Arcane Tower
02:34 Blacksmith
02:52 Farm
02:57 Keep
03:35 Farm
03:47 Farm
04:34 Farm
05:19 Castle
05:28 Workshop
05:31 Workshop
05:35 Workshop
06:43 Farm
» items
Chat log
(02:09 / Allies) MajorNewbs: C c
(02:15 / Allies) MajorNewbs: harass
(02:18 / Allies) BROWNNOSEDKID: gonna expo mid left
(04:38 / Allies) BROWNNOSEDKID: wood plz will pay back gonna expo
(05:10 / Allies) MajorNewbs: smack it
(05:59 / Allies) MajorNewbs: join purple go
(07:38 / Allies) Guana: leave it
(07:46 / Allies) Guana: bm will take the item
(08:23 / All) alttabnchiIl: mask of death, pendant of energy, claws +9
(08:37 / Allies) BROWNNOSEDKID: wood me
(08:42 / All) thekukIuxkIan: dem drops
(10:00 / Allies) BROWNNOSEDKID: wyverns bats
(10:58 / Allies) BROWNNOSEDKID: OOPS
(11:00 / Allies) BROWNNOSEDKID: lol
(11:12 / Allies) BROWNNOSEDKID: mother
(11:16 / All) BROWNNOSEDKID: fucker
(11:26 / All) BROWNNOSEDKID: my mouse is complletely acting gay
(11:27 / Allies) HappyTaliban: why did you tp on me
(11:30 / Allies) BROWNNOSEDKID: meant to shop
(12:28 / Allies) Guana: anyone got aa
(13:11 / All) alttabnchiIl: holy shit
(13:14 / All) alttabnchiIl: just got claws +15
(13:19 / Allies) Guana: wow
(13:20 / All) alttabnchiIl: Best bm I ever had I think
(13:34 / All) thekukIuxkIan: go rape newbs hero
(13:35 / All) thekukIuxkIan: he's a newb
(13:42 / All) MajorNewbs: raped your boy
(13:45 / All) MajorNewbs: teal is DEAD
(13:46 / All) TheKraken: Denial..
(13:47 / All) thekukIuxkIan: raped you
(13:48 / All) thekukIuxkIan: LOL
(13:57 / Allies) BROWNNOSEDKID: wood meyellow
(13:57 / All) MajorNewbs: no team on MY side
(14:00 / All) MajorNewbs: you had help
(14:01 / All) TheKraken: lol..
(14:03 / All) TheKraken: Youre shit.
(14:06 / All) thekukIuxkIan: lolll
(14:10 / All) TheKraken: Always excuses whe you do the same crap strat
(14:11 / All) thekukIuxkIan: I needed it
(14:12 / All) MajorNewbs: game still even
(14:14 / All) MajorNewbs: niggers
(14:16 / All) TheKraken: Then run your mouth if you actually win..
(14:18 / All) BROWNNOSEDKID: this team isnt talking
(14:19 / All) TheKraken: It's sad yellow
(14:28 / All) MajorNewbs: you niggers are getting Pawned
(14:39 / Allies) HappyTaliban: big time
(14:47 / All) jefftheobscure: your ass is getting reamed
(14:50 / All) BROWNNOSEDKID: pink and teal are raping wiht just one hero
(14:59 / All) MajorNewbs: teals ass is bleeding
(15:03 / All) BROWNNOSEDKID: not teal imean
(15:03 / All) MajorNewbs: from that raping
(15:12 / All) TheKraken: Blue?
(15:18 / All) TheKraken: You mean blue, right?
(16:00 / All) MajorNewbs: orange is a gimp, the kid has 4500 gold
(16:06 / All) MajorNewbs: orange has downs syndrome
(16:12 / All) TheKraken: Still outplays you anyday..
(16:23 / All) MajorNewbs: blue must be dumber than orange
(16:24 / Allies) Guana: lets go brwon
(16:27 / All) BROWNNOSEDKID: blue let em attack u i want robo ok?
(16:33 / All) MajorNewbs: if thinking you can mass 4500 gold is pro
(16:36 / Allies) Guana: gold me and ill buy a hall?
(16:40 / All) TheKraken: You think youre pro?
(16:44 / All) MajorNewbs: blue, go drown yourself
(16:45 / All) alttabnchiIl: I have 7400 gold
(16:48 / All) BROWNNOSEDKID: no im bad
(16:53 / All) BROWNNOSEDKID: i want robo tho
(17:01 / All) MajorNewbs: orange just proved blue is retarded
(17:03 / All) MajorNewbs: he confessed
(17:06 / Allies) Guana: gold me brown
(17:08 / All) MajorNewbs: fours is nothing
(17:19 / All) MajorNewbs: only retards mass passed 1000 gold
(17:25 / All) MajorNewbs: orange has almost 5000
(17:29 / All) MajorNewbs: true gimp on downs
(17:30 / All) thekukIuxkIan: you can't hide baby boy
(17:40 / All) MajorNewbs: bitch ass nigger
(17:54 / All) alttabnchiIl: fight my team better I'm going to get another claws +15
(18:02 / All) alttabnchiIl: don't die already
(18:05 / All) alttabnchiIl: I need people to rape with my bm
(18:21 / All) alttabnchiIl: This bm is too good
(18:25 / All) alttabnchiIl: I need superior enemies to use it on
(18:27 / All) BROWNNOSEDKID: dam?
(18:53 / All) BROWNNOSEDKID: dont hit me blue
(18:55 / All) BROWNNOSEDKID: im gonna get to lvl 6
(19:09 / All) alttabnchiIl: ring of prot +5, damn
(19:11 / All) alttabnchiIl: just +24 for me
(20:16 / Allies) Guana: give me some gold brown
(20:34 / All) TheKraken: Lol
(20:36 / All) alttabnchiIl: 204 crit
(20:36 / All) TheKraken: So mean
(20:37 / All) alttabnchiIl: raped lol
(20:45 / All) BROWNNOSEDKID: i seen a 420 crit on this before
(20:48 / All) BROWNNOSEDKID: by my friend rod
(21:47 / All) thekukIuxkIan: TIME TO DIE TERRORIST
(22:07 / All) alttabnchiIl: RAPED
(22:09 / All) BROWNNOSEDKID: nvm lol
(22:22 / All) alttabnchiIl: this is dota, we have 3 heroes killing whole armies
(22:24 / All) alttabnchiIl: on ladder
(22:25 / All) BROWNNOSEDKID: u guys raped with literally 2 heroes
(22:30 / All) BROWNNOSEDKID: lalw
(22:32 / All) BROWNNOSEDKID: im cracking up
(22:32 / All) alttabnchiIl: Blue has +15 bm too
(22:42 / All) alttabnchiIl: 2 blademasters and bloodmage raped your whole team
(22:50 / All) alttabnchiIl: classic
(23:01 / All) BROWNNOSEDKID: did blue wyverns every fight in a battle? I saw them attack reds expo but thats it
(23:13 / All) TheKraken: Uh not really.
(23:22 / All) TheKraken: Reds base / Expo, and purps expo.
(23:24 / All) TheKraken: That's all.
(23:24 / All) BROWNNOSEDKID: this is literally a joke game
(23:37 / All) TheKraken: Lol, ya
(23:44 / All) TheKraken: Any game with Yellow is tbh...
(23:47 / All) BROWNNOSEDKID: 5 hunts inc
(23:48 / All) thekukIuxkIan: newbs always talks shit
(23:52 / All) thekukIuxkIan: but he didn't have much shit to talk today
(23:57 / All) BROWNNOSEDKID: can a hero solo me at middle
(23:59 / All) TheKraken: I like you Pink. You know what's up
(24:07 / All) TheKraken: Omw!
(24:29 / All) BROWNNOSEDKID: no chance
(24:54 / All) TheKraken: Invuln was so cheat, yo
(25:00 / All) BROWNNOSEDKID: items are allowed
(25:23 / All) BROWNNOSEDKID: oww
(25:27 / All) BROWNNOSEDKID: 284
(25:34 / All) TheKraken: That's how I felt with the little exploders
(25:37 / All) alttabnchiIl: My bm still hungers for heroes
(25:43 / All) BROWNNOSEDKID: k
(25:46 / All) BROWNNOSEDKID: i fight u again
(25:47 / All) TheKraken: Lol
(25:51 / All) TheKraken: The tk is real.
(25:51 / All) alttabnchiIl: and having cut down all its natural enemies on the enemy team
(25:59 / All) alttabnchiIl: it now resorts to killing the heroes on its own side
(26:05 / All) alttabnchiIl: because it still is hungry for blood
(26:07 / All) BROWNNOSEDKID: let me heal up in middle
(26:12 / All) TheKraken: Lol
(26:17 / All) jefftheobscure: you're a faggot
(26:22 / All) TheKraken: I forgot that I have no base.
(26:25 / All) BROWNNOSEDKID: i keep thinking blue is one of u lawl
(26:41 / All) BROWNNOSEDKID: let me heal son
(27:28 / All) BROWNNOSEDKID: oh shit imr aping
(27:39 / All) BROWNNOSEDKID: GONNA BE CLOSE
(27:50 / All) BROWNNOSEDKID: FUK
(28:08 / All) thekukIuxkIan: HAHA
(28:16 / All) thekukIuxkIan: You thought you could out sly Sylvos the Traitor
(28:17 / All) thekukIuxkIan: Tsk tsk
(28:35 / All) alttabnchiIl: HAHA
(28:41 / All) alttabnchiIl: THAT WAS CLOSE FOR A SEC
(28:53 / All) BROWNNOSEDKID: im more dangerous not as robo
(28:54 / All) alttabnchiIl: I had to buy other two heroes to win that duel
(28:59 / All) thekukIuxkIan: that's because
(29:03 / All) thekukIuxkIan: robo don't heal at fountain
(29:17 / All) alttabnchiIl: man our heroes are so sick
(29:23 / All) TheKraken: mine WAS.
(29:24 / All) BROWNNOSEDKID: did teal or blue talk
(29:26 / All) alttabnchiIl: but we have no enemies left
(29:27 / All) TheKraken: Thanks again, dick
(29:40 / All) BROWNNOSEDKID: want to give them the win?
(29:43 / All) TheKraken: Naw, he just decided to kill me for shits.
(29:46 / All) alttabnchiIl: Blue was cool
(29:51 / All) BROWNNOSEDKID: i like blue
(29:52 / All) thekukIuxkIan: if teal leaves
(29:53 / All) BROWNNOSEDKID: teal tho
(29:53 / All) alttabnchiIl: I'd be alright giving him the win
(29:55 / All) BROWNNOSEDKID: teal is a nigga
(29:57 / All) thekukIuxkIan: if teal leaves blue can win
(30:01 / All) alttabnchiIl: yeah teal is a clueless noob
(30:23 / All) BROWNNOSEDKID: blue whats ur favorite rpg
(30:29 / All) alttabnchiIl: NICE
(30:30 / All) alttabnchiIl: PERFECT
(30:31 / All) alttabnchiIl: BAM
(30:31 / All) thekukIuxkIan: Teal took one for the team
(30:33 / All) alttabnchiIl: POW!
(30:40 / All) thekukIuxkIan: wait a sec
(30:40 / All) alttabnchiIl: Your lucky day, blue
(30:41 / All) BROWNNOSEDKID: shall i leave? u ahve to kill my tinker first
(30:42 / All) TheKraken: No idea, man.
(30:44 / All) thekukIuxkIan: want to buy another periapt
(30:53 / All) BROWNNOSEDKID: kill my tinker one time
(31:01 / All) alttabnchiIl: k
(31:06 / All) thekukIuxkIan: Now my mage has 1350 hps
(31:08 / All) alttabnchiIl: blue has really good record
(31:12 / All) TheKraken: I`d have to say Skyrim if any.
(31:13 / All) BROWNNOSEDKID: wut is it
(31:19 / All) BROWNNOSEDKID: lawl green loves elder scrolls
(31:29 / All) TheKraken: It's a good series.
(31:31 / All) BROWNNOSEDKID: fallout 4 was gay
(31:32 / All) thekukIuxkIan: play vampire the masquerade: bloodlines instaed
(31:34 / All) TheKraken: Morrowind was the best though
(31:42 / All) BROWNNOSEDKID: wow blue educated
(31:43 / All) alttabnchiIl: Morrowind had coolest world and writing
(32:07 / All) BROWNNOSEDKID: im unkillable
(32:15 / All) thekukIuxkIan: that thing is so fast lol
(32:15 / All) alttabnchiIl: we'll see about that
(32:33 / All) TheKraken: Just curious. Did the three of you make alts together to match with? lol
(32:38 / All) alttabnchiIl: yeah
(32:42 / All) alttabnchiIl: we're friends
(32:48 / All) BROWNNOSEDKID: im the gurl
(32:59 / All) BROWNNOSEDKID: got my movements shift queued
(33:00 / All) TheKraken: ASL? Lol
(33:03 / All) thekukIuxkIan: he's a preop tranny
(33:06 / All) BROWNNOSEDKID: WTF
(33:08 / All) TheKraken: Tranny's are sexy.
(33:13 / All) alttabnchiIl: LOll
(33:23 / All) BROWNNOSEDKID: BLOODMAGE
(33:26 / All) BROWNNOSEDKID: gay
(33:47 / All) alttabnchiIl: holy shit that is one fast tinker
(33:55 / All) TheKraken: Engineering OP
(34:12 / All) BROWNNOSEDKID: they call me usain bolt the white
(34:32 / All) thekukIuxkIan: dead
(35:12 / All) TheKraken: I`m wantin' a few more games in. Should I just leave, or you gonna end it?
(35:18 / All) BROWNNOSEDKID: lets give him tie or win?
(35:20 / All) alttabnchiIl: gonna end it in a sec
(35:31 / All) TheKraken: Alright.
(35:37 / All) alttabnchiIl: YES
(35:39 / All) alttabnchiIl: GOT THE TINKER
(35:40 / All) thekukIuxkIan: almost flubbed it up lawl